[ AOE2 MATCH · #504636058 ]
UnrankedRomans vs Slavs
Player's team · WIN
Rival team · LOSS
[ REPLAY ANALYSIS · EXTRACTED FROM THE RECORDED GAME ]
Feudal
11:07
Castle
—
Imperial
—
| APM avg | 123.9 |
| APM peak | 173 |
| eAPM avg | 67.3 |
| Villagers / military | 64 / 11 |
Focus
⚔️ 68.5% · 🌾 31.5%
Skirmisher ×6 · Militia ×5
Feudal
8:31
Castle
—
Imperial
—
| APM avg | 57.1 |
| APM peak | 85 |
| eAPM avg | 24.0 |
| Villagers / military | 32 / 5 |
Focus
⚔️ 24.3% · 🌾 75.7%
Archer ×5
Match map
Initial resources + every placement click. Lines = walls · curves = elevation contours. ◆ gold · ⬟ stone · ● berries · ✦ relic · ◌ wall gap
Your base· Open — unwalled flank
[CL]Jupy's base· Open — unwalled flank
Smoothed initial terrain · ◌ = detected wall gap · hover for details
Inputs per minute
— blytz - - [CL]Jupy
Build order — blytz
104 actions detected in the replay
| 0:00 | Create | Villager (Male) |
| 0:00 | Create | Villager (Male) |
| 0:01 | Create | Villager (Male) |
| 0:01 | Build | House |
| 0:02 | Build | House |
| 0:03 | Create | Villager (Male) |
| 1:22 | Create | Villager (Male) |
| 1:53 | Create | Villager (Male) |
| 1:57 | Build | Lumber Camp |
| 2:10 | Create | Villager (Male) |
| 2:28 | Create | Villager (Male) |
| 2:59 | Create | Villager (Male) |
| 3:33 | Create | Villager (Male) |
| 3:35 | Create | Villager (Male) |
| 3:35 | Create | Villager (Male) |
| 3:52 | Build | House |
| 4:09 | Create | Villager (Male) |
| 4:22 | Create | Villager (Male) |
| 4:27 | Build | Barracks |
| 4:37 | Create | Villager (Male) |
| 4:47 | Create | Villager (Male) |
| 4:57 | Create | Villager (Male) |
| 5:00 | Build | House |
| 5:18 | Create | Militia |
| 5:36 | Create | Militia |
| 5:49 | Build | Mill |
| 5:52 | Create | Villager (Male) |
| 6:02 | Create | Villager (Male) |
| 6:08 | Create | Villager (Male) |
| 6:23 | Create | Militia |
| 6:25 | Create | Villager (Male) |
| 6:29 | Create | Villager (Male) |
| 6:37 | Build | House |
| 7:01 | Create | Villager (Male) |
| 7:04 | Build | Mill |
| 7:06 | Create | Villager (Male) |
| 7:08 | Create | Villager (Male) |
| 7:55 | Create | Villager (Male) |
| 8:00 | Create | Villager (Male) |
| 8:08 | Build | Farm |
| 8:16 | Create | Villager (Male) |
| 8:26 | Create | Villager (Male) |
| 8:32 | Research | Loom |
| 8:48 | Research | Feudal Age |
| 9:04 | Create | Villager (Male) |
| 9:05 | Build | Mining Camp |
| 9:08 | Create | Villager (Male) |
| 9:10 | Build | House |
| 9:12 | Build | House |
| 9:18 | Create | Villager (Male) |
| 9:29 | Create | Villager (Male) |
| 9:34 | Create | Villager (Male) |
| 9:38 | Create | Villager (Male) |
| 9:50 | Create | Militia |
| 9:52 | Create | Villager (Male) |
| 9:52 | Create | Villager (Male) |
| 9:54 | Create | Villager (Male) |
| 9:57 | Create | Villager (Male) |
| 10:06 | Create | Villager (Male) |
| 10:18 | Create | Militia |
| 10:19 | Create | Villager (Male) |
| 10:28 | Create | Villager (Male) |
| 10:30 | Create | Villager (Male) |
| 10:32 | Build | House |
| 10:35 | Create | Villager (Male) |
| 10:50 | Create | Villager (Male) |
| 10:56 | Create | Villager (Male) |
| 11:05 | Create | Villager (Male) |
| 11:07 | Age | Feudal Age |
| 11:09 | Build | Blacksmith |
| 11:10 | Build | Archery Range |
| 11:14 | Research | Man-at-Arms (upgrade) |
| 11:14 | Research | Man-at-Arms (upgrade) |
| 11:16 | Create | Villager (Male) |
| 11:17 | Create | Villager (Male) |
| 11:20 | Build | Palisade Wall |
| 11:20 | Create | Villager (Male) |
| 11:21 | Create | Villager (Male) |
| 11:21 | Create | Villager (Male) |
| 11:26 | Create | Villager (Male) |
| 11:27 | Create | Villager (Male) |
| 11:30 | Create | Villager (Male) |
| 11:49 | Research | Double-Bit Axe |
| 11:49 | Research | Double-Bit Axe |
| 11:54 | Create | Villager (Male) |
| 11:57 | Create | Skirmisher |
| 12:03 | Research | Scale Mail Armor |
| 12:09 | Create | Villager (Male) |
| 12:09 | Create | Villager (Male) |
| 12:21 | Create | Skirmisher |
| 12:27 | Create | Villager (Male) |
| 12:31 | Create | Villager (Male) |
| 12:33 | Create | Skirmisher |
| 12:41 | Create | Villager (Male) |
| 12:46 | Create | Villager (Male) |
| 12:47 | Build | Farm |
| 12:47 | Build | Farm |
| 12:57 | Create | Skirmisher |
| 12:58 | Create | Skirmisher |
| 13:06 | Create | Villager (Male) |
| 13:06 | Create | Villager (Male) |
| 13:09 | Build | Farm |
| 13:10 | Build | Farm |
| 13:14 | Create | Skirmisher |
Build order — [CL]Jupy
58 actions detected in the replay
| 0:02 | Create | Villager (Male) ×4 |
| 0:02 | Create | Villager (Male) ×4 |
| 0:03 | Build | House |
| 0:04 | Build | House |
| 1:24 | Create | Villager (Male) |
| 1:24 | Create | Villager (Male) |
| 1:47 | Build | Lumber Camp |
| 1:53 | Create | Villager (Male) |
| 2:22 | Create | Villager (Male) |
| 2:52 | Create | Villager (Male) |
| 2:52 | Create | Villager (Male) |
| 3:14 | Create | Villager (Male) |
| 3:36 | Create | Villager (Male) |
| 3:51 | Build | Mill |
| 4:01 | Build | House |
| 4:08 | Create | Villager (Male) |
| 4:09 | Create | Villager (Male) |
| 4:09 | Create | Villager (Male) |
| 4:39 | Build | Mill |
| 4:48 | Create | Villager (Male) |
| 4:58 | Create | Villager (Male) |
| 5:39 | Research | Loom |
| 6:21 | Research | Feudal Age |
| 6:22 | Research | Feudal Age |
| 7:46 | Build | Palisade Wall |
| 7:48 | Build | Palisade Wall |
| 7:48 | Build | Palisade Wall |
| 8:06 | Build | House |
| 8:24 | Build | Barracks |
| 8:31 | Age | Feudal Age |
| 8:38 | Create | Villager (Male) |
| 8:55 | Build | Mining Camp |
| 9:05 | Create | Villager (Male) |
| 9:22 | Build | Archery Range |
| 9:27 | Create | Villager (Male) |
| 9:43 | Research | Double-Bit Axe |
| 9:43 | Research | Double-Bit Axe |
| 9:52 | Create | Villager (Male) |
| 9:53 | Create | Villager (Male) |
| 9:59 | Create | Archer |
| 9:59 | Create | Archer |
| 10:15 | Build | Mill |
| 10:19 | Build | Farm |
| 10:25 | Create | Archer |
| 10:52 | Create | Archer |
| 10:59 | Create | Villager (Male) |
| 10:59 | Create | Villager (Male) |
| 11:00 | Build | Farm |
| 11:24 | Build | Blacksmith |
| 11:26 | Create | Villager (Male) |
| 11:48 | Create | Archer |
| 12:07 | Create | Villager (Male) |
| 12:35 | Create | Villager (Male) |
| 12:41 | Research | Fletching |
| 12:48 | Build | House |
| 12:50 | Build | Palisade Wall |
| 13:02 | Create | Villager (Male) |
| 13:06 | Build | Palisade Wall |
Match timeline
| 4:27 | blytz · first_building Barracks |
| 7:46 | [CL]Jupy · wall_segment Palisade Wall x1 |
| 7:48 | [CL]Jupy · wall_segment Palisade Wall x1 |
| 7:48 | [CL]Jupy · wall_segment Palisade Wall x1 |
| 8:24 | [CL]Jupy · first_building Barracks |
| 8:31 | [CL]Jupy · age_up feudal |
| 9:22 | [CL]Jupy · first_building Archery Range |
| 11:07 | blytz · age_up feudal |
| 11:10 | blytz · first_building Archery Range |
| 11:20 | blytz · wall_segment Palisade Wall x3 |
| 12:50 | [CL]Jupy · wall_segment Palisade Wall x1 |
| 13:06 | [CL]Jupy · wall_segment Palisade Wall x1 |
| 13:19 | [CL]Jupy · resign |
[ AI ANALYSIS · 1 CREDIT ]
What really happened in this match?
Wolo.gg analyzes every decision: build order, eco, micro, common mistakes by bracket. Personalized analysis on WhatsApp or Discord in 30 seconds.
Civ guide
Romans
Perfil
Jugador #21516070